General information
- name: BNet
- type: Ladder 1vs1/FFA
- host: Battle.net
- saver: BlGGUS_DlCKUS
map: EchoIsles
- players: 2
- length: 27:30
- speed: Fast
- version: 1.24 W3XP
- replay type: Public
» download(92 KB)
Players
team 1 (loser)
steveoizzle (
pink | 75 APM | 2067 actions | 27:23)
8 Demon Hunter
3 Mana Burn
3 Evasion
1 Metamorphosis
1 Immolation
» actions
| Assign group hotkey | 47 | |
| Basic commands | 41 | |
| Build / train | 76 | |
| Enter build submenu | 16 | |
| Enter hero's abilities submenu | 8 | |
| Right click | 889 | |
| Select / deselect | 532 | |
| Select group hotkey | 361 | |
| Use ability | 96 | |
2067 total
» units
| Wisp | 26 | |
| Huntress | 1 | |
| Glaive Thrower | 10 | |
| Dryad | 10 | |
| Druid of the Claw | 5 | |
52 total
» upgrades
| Vorpal Blades | 1 | |
| Ultravision | 1 | |
| Abolish Magic | 1 | |
| Druid of the Claw Training | 2 | |
5 total
» buildings
| Altar of Elders | 1 | |
| Moon Well | 7 | |
| Hunter's Hall | 1 | |
| Ancient of War | 1 | |
| Ancient of Wonders | 1 | |
| Tree of Ages | 1 | |
| Ancient of Lore | 2 | |
| Tree of Eternity | 1 | |
| Tree of Life | 1 | |
| Ancient Protector | 1 | |
17 total
» build order
00:02 Altar of Elders
00:17 Moon Well
01:26 Hunter's Hall
01:46 Ancient of War
01:58 Moon Well
02:01 Moon Well
02:20 Ancient of Wonders
03:03 Tree of Ages
03:51 Moon Well
05:29 Ancient of Lore
05:30 Ancient of Lore
06:27 Tree of Eternity
09:27 Moon Well
12:04 Moon Well
12:07 Moon Well
22:38 Tree of Life
24:55 Ancient Protector
» items
| Boots of Speed | 1 | |
| Circlet of Nobility | 1 | |
| Orb of Venom | 1 | |
| Staff of Preservation | 1 | |
| Lesser Clarity Potion | 1 | |
5 total
team 2 (winner)
BlGGUS_DlCKUS (
purple | 75 APM | 2054 actions | 27:30)
3 Archmage
1 Blizzard
2 Brilliance Aura
2 Blood Mage
1 Flame Strike
1 Banish
» actions
| Assign group hotkey | 41 | |
| Basic commands | 65 | |
| Build / train | 101 | |
| ESC pressed | 2 | |
| Enter build submenu | 47 | |
| Enter hero's abilities submenu | 5 | |
| Remove unit from queue | 4 | |
| Right click | 1050 | |
| Select / deselect | 383 | |
| Select group hotkey | 199 | |
| Use ability | 157 | |
2054 total
» units
| Peasant | 25 | |
| Sorceress | 4 | |
| Dragonhawk Rider | 1 | |
| Gryphon Rider | 9 | |
39 total
» upgrades
| Masonry | 1 | |
| Sorceress Training | 1 | |
| Magic Sentry | 1 | |
| Lumber Harvesting | 1 | |
4 total
» buildings
| Altar of Kings | 3 | |
| Farm | 11 | |
| Arcane Vault | 1 | |
| Lumber Mill | 1 | |
| Scout Tower | 19 | |
| Arcane Tower | 3 | |
| Guard Tower | 12 | |
| Keep | 2 | |
| Town Hall | 1 | |
| Arcane Sanctum | 1 | |
| Blacksmith | 2 | |
| Gryphon Aviary | 6 | |
| Castle | 1 | |
63 total
» build order
00:06 Altar of Kings
00:21 Farm
00:41 Arcane Vault
00:50 Lumber Mill
01:00 Scout Tower
01:19 Farm
01:45 Arcane Tower
01:59 Farm
02:13 Scout Tower
02:14 Scout Tower
02:16 Scout Tower
02:19 Scout Tower
02:58 Guard Tower
03:23 Guard Tower
04:33 Scout Tower
04:33 Scout Tower
04:43 Keep
05:16 Town Hall
05:24 Scout Tower
05:25 Scout Tower
05:27 Scout Tower
05:30 Scout Tower
05:31 Scout Tower
05:46 Guard Tower
05:50 Guard Tower
06:01 Guard Tower
06:18 Guard Tower
06:25 Guard Tower
06:50 Guard Tower
07:12 Scout Tower
07:33 Arcane Sanctum
09:10 Scout Tower
09:10 Scout Tower
09:21 Scout Tower
09:59 Guard Tower
10:15 Arcane Tower
10:16 Guard Tower
10:44 Arcane Tower
10:45 Scout Tower
11:38 Blacksmith
12:24 Gryphon Aviary
12:28 Gryphon Aviary
13:43 Gryphon Aviary
13:47 Gryphon Aviary
13:49 Farm
13:49 Farm
13:49 Farm
14:07 Guard Tower
15:15 Castle
16:45 Keep
16:47 Gryphon Aviary
16:47 Gryphon Aviary
18:30 Blacksmith
18:31 Altar of Kings
18:37 Scout Tower
18:37 Scout Tower
18:39 Farm
18:39 Farm
19:31 Guard Tower
20:12 Altar of Kings
25:53 Farm
25:53 Farm
26:01 Farm
» items
| Scroll of Regeneration | 7 | |
| Lesser Clarity Potion | 5 | |
| Mechanical Critter | 3 | |
| Boots of Speed | 2 | |
| Potion of Healing | 6 | |
| Potion of Mana | 4 | |
| Periapt of Vitality | 1 | |
28 total
Chat log
(00:11 / All) steveoizzle: glhf ^^
(04:12 / All) steveoizzle: lol
(04:13 / All) steveoizzle: ok
(04:21 / All) steveoizzle: gonna be gay really
(04:23 / All) steveoizzle: really dude
(04:25 / All) BlGGUS_DlCKUS: no english
(04:29 / All) steveoizzle: fag
(04:35 / All) BlGGUS_DlCKUS: ?
(04:38 / All) steveoizzle: FAG lol
(10:52 / All) steveoizzle: lemme guess u got expo with towers and whatnot too
(10:54 / All) steveoizzle: dont ya fag
(17:39 / All) steveoizzle: LOL im so stupid
(17:41 / All) steveoizzle: didnt get lvl 6 XD
(19:10 / All) steveoizzle: Lol u sure are a fag
(19:23 / All) steveoizzle: its to clearly see i beat u easy
(19:30 / All) steveoizzle: u just tower and mass gay fag
(20:14 / All) steveoizzle: loser
(22:41 / All) steveoizzle: lmao
(22:46 / All) steveoizzle: ur so bad
(27:18 / All) steveoizzle: gg fag
(27:21 / All) steveoizzle: ur not good
(27:23 / All) steveoizzle: ur a queer